 Dungeon Crawl Stone Soup version 0.23-a0-729-g94ec0301e6 (webtiles) character file.

4011 Morbidden the Cleaver (level 10, -10/74 HPs)
             Began as a Formicid Fighter on Jan 16, 2019.
             Was a Follower of Yredelemnul.
             Mangled by an orc warlord
             ... wielding a +0 war axe
              (24 damage)
             ... in a bailey on Jan 17, 2019.
             The game lasted 00:21:54 (7806 turns).

Morbidden the Cleaver (Formicid Fighter)            Turns: 7806, Time: 00:21:54

Health: -10/74     AC: 15    Str: 28    XL:     10   Next: 47%
Magic:  21/21      EV:  7    Int:  9    God:    Yredelemnul [*.....]
Gold:   336        SH: 18    Dex: 10    Spells: 9/9 levels left

rFire    . . .     SeeInvis +   j - +2 war axe (chop)
rCold    . . .     Gourm    .   u - +0 large shield
rNeg     . . .     Faith    .   k - +0 chain mail
rPois    .         Spirit   .   (helmet unavailable)
rElec    .         Reflect  .   w - +1 cloak
rCorr    .         Harm     .   q - +2 pair of gloves
MR       +....                  (no boots)
Stlth    ..........             (no amulet)
HPRegen  0.22/turn              c - ring of flight
MPRegen  0.17/turn              x - ring of magical power

@: mighty
A: permanent stasis, dig shafts and tunnels, four strong arms, antennae 3
a: Dig, Shaft Self, Animate Remains, Renounce Religion, Evoke Flight


You were in a bailey.
You worshipped Yredelemnul.
Yredelemnul was aware of your devotion.
You were very hungry.

You visited 1 branch of the dungeon, and saw 8 of its levels.
You also visited: Bailey.

You collected 336 gold pieces.

Inventory:

Hand Weapons
 j - a +2 war axe of chopping (weapon)
 t - a +0 battleaxe
Missiles
 e - 5 javelins (quivered)
 r - 5 throwing nets
 y - 38 tomahawks of returning
Armour
 k - a +0 chain mail (worn)
 q - a +2 pair of gloves (worn)
 u - a +0 large shield (worn)
 w - a +1 cloak (worn)
Jewellery
 c - a ring of flight (left hand)
 i - an uncursed ring of ice
 o - an uncursed ring of ice
 x - a ring of magical power (right hand)
Scrolls
 b - a scroll of amnesia
 h - 4 scrolls of remove curse
 p - 2 scrolls of enchant weapon
Potions
 d - a potion of might
 g - a potion of curing
 l - a potion of mutation
 m - a potion of flight
 s - 2 potions of ambrosia
 z - a potion of cancellation
 A - a potion of brilliance
 C - a potion of heal wounds
Miscellaneous
 v - a sack of spiders
Comestibles
 f - 11 rations


   Skills:
 + Level 5.4 Fighting
 * Level 10.9 Axes
 + Level 5.5 Armour
 + Level 2.3 Dodging
 + Level 8.4 Shields
   Level 2.2 Hexes
 * Level 3.2 Invocations


You had 9 spell levels left.
You didn't know any spells.
Your spell library contained the following spells:

 Spells                   Type           Power        Failure   Level  Hunger
 Confusing Touch          Hex            #.....       98%         1    ##.....
 Animate Skeleton         Necr           N/A          100%        1    ##.....
 Apportation              Tloc           #.....       100%        1    ##.....
 Summon Small Mammal      Summ           #...         100%        1    ##.....


Dungeon Overview and Level Annotations

Branches:
Dungeon (8/15)
 Temple: D:4-7         Lair: D:8-11

Altars:
Ashenzari
Elyvilon
Makhleb
Yredelemnul
Zin

Shops:
D:4 ?


Innate Abilities, Weirdness & Mutations

You cannot be hasted, slowed, berserked, paralysed or teleported.
You can dig through walls and to a lower floor.
Your four strong arms can wield two-handed weapons with a shield.
You have a pair of large antennae on your head. (SInv)


Message History

Your resistance to elements expires.
You block the orc warlord's attack.
Unknown command.
You slash the orc warlord!
The orc warlord is almost dead.
The orc warlord hits you but does no damage.
Unknown command.
You barely miss the orc warlord.
The orc warlord is almost dead.
You block the orc warlord's attack.
Unknown command.
Unknown command.
You hit the orc warlord.
The orc warlord is almost dead.
Unknown command.
You closely miss the orc warlord.
The orc warlord is almost dead.
The orc warlord hits you with a +0 war axe!!
You die...
Your body rises from the dead as a mindless zombie.

####♣♣♣.{...♣♣♣#####
...##......{.{##..?##
....##...KK..##.....##
.8...##≈≈≈≈≈##...)...##
......#≈≈≈≈≈#...8..8..##
......#≈≈≈≈≈#..........#
.8....).....'..........#
....#########......8...#
...##≈≈≈#≈≈ ####@o....##
...#≈).....≈#≈≈#.....##
...#≈!........≈#....##
...##8.8...8.8≈##...#
....#.........≈≈'!..#
....#....∩....≈≈)...#
....#.........≈≈'...#
...##8.8...8.8≈##...#
...#≈!........≈#....##


You could see an orc warlord.

Vanquished Creatures
  Harold (D:8)
  An orc knight (Bailey)
  Sigmund (D:6)
  Eustachio (D:5)
  Duvessa (D:6)
  4 orc warriors
  A sky beast (D:6)
  2 ogres
  A phantom (D:7)
  A centaur (D:7)
  Blork the orc (D:4)
  A gnoll sergeant (D:8)
  4 bullfrogs
  Dowan (D:6)
  A water moccasin skeleton (D:5)
  6 killer bees (D:7)
  3 howler monkeys (D:7)
  A crimson imp (D:5)
  A centaur zombie (D:6)
  2 bullfrog zombies
  2 orc priests
  4 orc wizards
  Natasha (thrice) (D:3)
  4 worker ants
  A hound zombie (D:7)
  A hound skeleton (D:6)
  2 howler monkey zombies (D:6)
  11 gnolls
  A howler monkey skeleton (D:5)
  8 adders
  A shadow imp (D:6)
  2 worms
  A dart slug (D:1)
  3 leopard geckos
  13 orcs
  5 bats
  7 giant cockroaches
  11 goblins
  8 hobgoblins
  13 jackals
  13 kobolds
  5 quokkas
  4 frilled lizards
  2 gnoll zombies (D:7)
  A jackal zombie (D:5)
  A leopard gecko skeleton (D:4)
  A leopard gecko zombie (D:8)
  A quokka zombie (D:5)
  10 rats
174 creatures vanquished.

Vanquished Creatures (collateral kills)
  A jelly (D:7)
1 creature vanquished.

Grand Total: 175 creatures vanquished

Notes
Turn   | Place    | Note
-------+----------+-------------------------------------------
     0 | D:1      | Morbidden the Formicid Fighter began the quest for the Orb.
     0 | D:1      | Reached XP level 1. HP: 18/18 MP: 1/1
    45 | D:1      | Reached XP level 2. HP: 24/24 MP: 2/2
   162 | D:1      | Reached XP level 3. HP: 27/29 MP: 3/3
   634 | D:2      | Found a burning altar of Makhleb.
   640 | D:2      | Found a glowing silver altar of Zin.
   640 | D:2      | Noticed an angel
   640 | D:2      | Noticed a cacodemon
   670 | D:2      | Reached XP level 4. HP: 30/37 MP: 4/4
   755 | D:2      | Learned a level 1 spell: Confusing Touch
   791 | D:2      | Reached skill level 3 in Axes
   848 | D:2      | Reached XP level 5. HP: 16/42 MP: 5/5
  1398 | D:3      | Reached skill level 1 in Hexes
  1625 | D:3      | Noticed Natasha
  1631 | D:3      | Killed Natasha
  1911 | D:3      | Reached XP level 6. HP: 48/48 MP: 6/6
  2406 | D:3      | Noticed Natasha
  2413 | D:3      | Killed Natasha
  2413 | D:3      | Reached skill level 4 in Axes
  2765 | D:3      | Noticed Natasha
  2802 | D:3      | Killed Natasha
  3583 | D:4      | Noticed an ogre
  3613 | D:4      | Killed an ogre
  3613 | D:4      | Reached skill level 5 in Shields
  3613 | D:4      | Reached XP level 7. HP: 28/53 MP: 5/7
  3653 | D:4      | Found Zaibeiraf's Magic Scroll Boutique.
  3685 | D:4      | Noticed Blork the orc
  3699 | D:4      | Killed Blork the orc
  3699 | D:4      | Reached skill level 5 in Axes
  3999 | D:5      | Entered Level 5 of the Dungeon
  4397 | D:5      | Noticed Eustachio
  4446 | D:5      | Killed Eustachio
  4446 | D:5      | Reached skill level 6 in Axes
  4446 | D:5      | Reached skill level 1 in Dodging
  4446 | D:5      | Reached XP level 8. HP: 30/60 MP: 8/8
  5486 | D:6      | Noticed Sigmund
  5506 | D:6      | Killed Sigmund
  5506 | D:6      | Reached skill level 7 in Axes
  5771 | D:6      | Noticed Dowan
  5771 | D:6      | Noticed Duvessa
  5777 | D:6      | Killed Duvessa
  5788 | D:6      | Killed Dowan
  5852 | D:6      | Found a shattered altar of Ashenzari.
  5957 | D:7      | Reached XP level 9. HP: 62/66 MP: 9/9
  5985 | D:7      | Reached skill level 5 in Armour
  6035 | D:7      | Reached skill level 8 in Axes
  6360 | D:7      | Found a basalt altar of Yredelemnul.
  6443 | D:7      | Became a worshipper of Yredelemnul the Dark
  6628 | D:7      | Reached skill level 9 in Axes
  6889 | D:7      | Found a white marble altar of Elyvilon.
  7102 | D:8      | Reached skill level 1 in Invocations
  7105 | D:8      | Noticed Harold
  7117 | D:8      | Killed Harold
  7117 | D:8      | Reached skill level 5 in Fighting
  7117 | D:8      | Reached skill level 10 in Axes
  7117 | D:8      | Reached XP level 10. HP: 13/74 MP: 11/11
  7344 | D:8      | Found a flagged portal.
  7353 | Bailey   | Entered a bailey
  7361 | Bailey   | Noticed an orc warlord
  7457 | Bailey   | Noticed an orc knight
  7485 | Bailey   | Killed an orc knight
  7646 | Bailey   | Found a runed gate.
  7647 | Bailey   | Found a runed gate.
  7651 | Bailey   | Found a runed gate.
  7772 | Bailey   | Reached * piety under Yredelemnul
  7806 | Bailey   | Mangled by an orc warlord

Vault maps used:
D:1:      nzn_arrival_depleted_hourglass, minmay_pentomino_q4
D:2:      grunt_temple_overflow_order_and_chaos_2
D:3:      first_ration, uniq_natasha
D:4:      serial_shops, shop, uniq_blork_the_orc
D:5:      serial_park_tiny_pond, minmay_checkerbox, uniq_eustachio
D:6:      kennysheep_mini, uniq_duvessa, uniq_sigmund
D:7:      lemuel_zombie_altar_yredelemnul, minmay_temple_entry_from_below_a,
          basic_altar, minmay_misc_feat_ornament
D:8:      enter_bailey_2, uniq_harold, uniq_pikel, uniq_grum
Bailey:   bailey_axe_bossmonster_kennysheep, bailey

Skill      XL: |  1  2  3  4  5  6  7  8  9 10 |
---------------+-------------------------------+-----
Shields        | 4 5 6 8 |  8.4
Axes           | 3 4 6 7 10 | 10.9
Hexes          | 2 |  2.2
Armour         | 4 5 |  5.5
Fighting       | 4 5 |  5.4
Dodging        | 1 2 |  2.3
Invocations    | 2 3 |  3.2

Action                   |  1- 3 |  4- 6 |  7- 9 | 10-12 || total
-------------------------+-------+-------+-------+-------++-------
Melee: War axe           |    93 |   202 |    11 |    66 ||   372
       Battleaxe         |       |       |   396 |     7 ||   403
 Abil: Evoke Flight      |       |     1 |       |       ||     1
Evoke: Sack of spiders   |       |       |     2 |     1 ||     3
  Use: Scroll            |       |     5 |     9 |     3 ||    17
       Potion            |       |       |    10 |     4 ||    14
  Eat: Chunk             |       |     6 |    11 |     2 ||    19
       Ration            |       |     1 |       |       ||     1
Armor: Scale mail        |    22 |       |       |       ||    22
       Chain mail        |    42 |   118 |   251 |    38 ||   449
       Skin              |       |       |    40 |       ||    40
Dodge: Dodged            |    36 |    52 |   103 |    14 ||   205
Block: Shield            |    65 |    72 |       |       ||   137
       Large shield      |       |    76 |   485 |   109 ||   670

Table legend:
 A = Non-vault XP
 B = Vault XP
 C = Vault XP percentage of total XP
 D = Non-vault monster count
 E = Vault monster count
 F = Vault count percentage of total count
                 A         B        C        D         E       F
            +---------+---------+-------+---------+---------+-------
      Total |    2936 |    2794 |  48.8 |     139 |      36 |  20.6
            +---------+---------+-------+---------+---------+-------
        D:1 |      46 |       4 |   8.0 |      26 |       3 |  10.3
        D:2 |     100 |       0 |   0.0 |      19 |       0 |   0.0
        D:3 |     159 |      35 |  18.0 |      17 |       1 |   5.6
        D:4 |     236 |     100 |  29.8 |      13 |       1 |   7.1
        D:5 |     253 |     258 |  50.5 |      12 |       5 |  29.4
        D:6 |     296 |     457 |  60.7 |       9 |       3 |  25.0
        D:7 |    1612 |       2 |   0.1 |      37 |       2 |   5.1
        D:8 |     234 |     944 |  80.1 |       6 |       1 |  14.3
     Bailey |       0 |     994 | 100.0 |       0 |      20 | 100.0
            +---------+---------+-------+---------+---------+-------
